[Event "*** Titled Tuesday Blitz"]
[Site "Chess.com"]
[Date "2020.10.27"]
[Round "4"]
[White "Funo09"]
[Black "RaunakSadhwani2005"]
[Result "0-1"]
[WhiteElo "2791"]
[BlackElo "2963"]
[TimeControl "180+1"]
[EndTime "10:41:05 PDT"]
[Termination "RaunakSadhwani2005 won by checkmate"]

1. e4 c6 2. Nc3 d5 3. Nf3 dxe4 4. Nxe4 Nf6 5. Qe2 Na6 6. d4 Qd5 7. Nc3 Qh5 8. Ne5 Qxe2+ 9. Bxe2 Nb4 10. Bd1 Bf5 11. Kd2 Rd8 12. a3 Rxd4+ 13. Ke3 Rxd1 14. Rxd1 Nxc2+ 15. Kf4 Nxa1 16. Kxf5 e6+ 17. Kf4 Nb3 18.
Be3 Bc5 19. Bxc5 Nxc5 20. b4 Ncd7 21. Nxd7 Nxd7 22. Ne4 Ke7 23. g4 f6 24. h4 Nb6 25.
Nc5 Nd5+ 26. Kg3 b6 27. Ne4 Ra8 28. Rc1 Kd7 29. g5 f5 30. Nd2 a5 31. bxa5 Rxa5 32. Nc4 Ra4 33. Ne5+ Kd6 34. Nc4+ Ke7 35. h5 b5 36. Ne5 Rxa3+ 37. f3 Kd6 38. Nf7+ Kc7 39. Ne5 Rc3 40. Ra1 Kb7 41. Rh1 h6 42. gxh6 gxh6 43.
Nf7 b4 44. Nxh6 b3 45. Ng8 f4+ 46. Kg4 Rc2 47. Kh3 b2 48. Rb1 Nc3 49. Rxb2+ Rxb2 50. h6 Rb1 51. Kh2 Ne2 52. h7 Ng3 53. Kh3 Rh1+ 54.
Kg4 Rxh7 55. Kxf4 Nf5 56. Nf6 Rc7 57. Ke5 c5 58. Kxe6 Nd4+ 59. Kd5 Nxf3 60. Ne4 Rh7 61. Nxc5+ Kb6 62. Ne6 Ng5 63. Nd4 Rd7+ 64. Ke5 Nf7+ 65. Ke4 Nd6+ 66. Ke5 Nc4+ 67. Ke4 Kc5 68. Ne6+ Kb4 69.
Nd4 Re7+ 70. Kd5 Re5+ 71. Kc6 Kc3 72. Nb5+ Kd3 73. Nc7 Rh5 74. Ne6 Ne5+ 75. Kd6 Ke4 76. Nc5+ Kf5 77. Kd5 Nf3 78. Nd7 Kf4+ 79. Ke6 Nd4+ 80.
Kd6 Nf5+ 81. Ke6 Rh6+ 82. Kf7 Rd6 83. Nf6 Nd4 84. Ne8 Ra6 85. Nf6 Kf5 86. Nd5 Ra7+ 87. Kg8 Ne6 88. Kh8 Kg6 89. Nb6 Rh7+ 90. Kg8 Rg7+ 91. Kh8 Rf7 92. Nd7 Rxd7 93. Kg8 Rd8# 0-1

[Event "*** Titled Tuesday Blitz"]
[Site "Chess.com"]
[Date "2020.10.27"]
[Round "4"]
[White "bangchess21"]
[Black "UCantHandleDenker"]
[Result "1-0"]
[WhiteElo "2704"]
[BlackElo "2506"]
[TimeControl "180+1"]
[EndTime "10:41:06 PDT"]
[Termination "bangchess21 won by resignation"]

1. d4 Nf6 2. Bf4 g6 3. Nc3 Bg7 4. e4 d6 5. Qd2 c6 6. Bh6 Bxh6 7. Qxh6 Qa5 8. Bd3 Nbd7 9. Nf3 c5 10. Qd2 b6 11.
O-O cxd4 12. Nxd4 Bb7 13. Ndb5 Qb4 14. Nc7+ Kd8 15. Nxa8 Bxa8 16. a3 Qc5 17. b4 Qe5 18.
Rae1 g5 19. f3 Rg8 20. Ne2 h5 21. Qc3 h4 22. Qxe5 Nxe5 23. Nd4 Bb7 24. Kf2 a6 25. Nf5 Kd7 26. Nd4 e6 27. Ke3 Rc8 28. Kd2 Ke7 29. g3 h3 30. f4 gxf4 31. gxf4 Neg4 32. Re2 b5 33. Nb3 Bc6 34. Nd4 Bd7 35. c3 Rh8 36.
Nf3 Rc8 37. Rg1 e5 38. fxe5 dxe5 39. Ng5 Be6 40. Nxh3 Rh8 41. Ng5 Nxh2 42. Rgg2 Nhg4 43. Nxe6 fxe6 44. Kc2 Rd8 45. Rg3 Rh8 46. Reg2 Rh4 47. Be2 Nh6 48. Bf3 Ne8 49. Rd2 Nf7 50. Rgg2 Ned6 51.
Rge2 Nc4 52. Rd1 Nxa3+ 53. Kb3 Nc4 54. Ra1 Rh3 55. Bg2 Rh2 56. Rxa6 Nfd6 57. Ra7+ Kf6 58. Rf2+ Kg5 59. Raa2 Ne3 60. Bf3 Rh4 61. Rad2 Nf7 62. Rde2 Nc4 63. Bg2 Nh6 64. Bf1 Ng4 65. Rg2 Rh3 66.
Rxg4+ Kxg4 67. Bxh3+ Kxh3 68. Rf2 Kg3 69. Rf6 Nd2+ 70.
Kc2 Nxe4 71. Rxe6 Kf4 72. Rb6 Nf2 73. Kd2 e4 74. Rf6+ Kg3 75. Ke2 e3 76. Rg6+ Kf4 77. Rb6 Ne4 78. Rc6 Ng3+ 79. Ke1 Ne4 80. c4 Kf3 81.
cxb5 e2 82. Re6 Nc3 83. b6 Nd5 84. Rxe2 Nf4 85. Rf2+ Ke3 86. Rxf4 Kxf4 87. b7 Ke4 88. b8=Q 1-0

[Event "*** Titled Tuesday Blitz"]
[Site "Chess.com"]
[Date "2020.10.27"]
[Round "4"]
[White "amintabatabaei"]
[Black "AldokhinIvan"]
[Result "1-0"]
[WhiteElo "2893"]
[BlackElo "2580"]
[TimeControl "180+1"]
[EndTime "10:41:32 PDT"]
[Termination "amintabatabaei won on time"]

1. b3 d5 2. Bb2 Bg4 3. Nf3 Bxf3 4.
exf3 e6 5. f4 Nf6 6. g3 Be7 7. Bg2 O-O 8. O-O c5 9. c4 Nc6 10. d3 Qb6 11. Nc3 Rad8 12. cxd5 exd5 13. Re1 Rfe8 14. Re5 d4 15. Na4 Qb5 16. Re2 Nb4 17.
Rd2 Qd7 18. a3 Nbd5 19. Rc1 Rc8 20. Rdc2 b6 21. Qf3 h5 22. Rc4 Bf8 23. h3 Qf5 24.
R4c2 h4 25. g4 Qxf4 26. Qxf4 Nxf4 27. Bf1 Re5 28. Bxd4 Rd5 29. Bxf6 gxf6 30. Nb2 Rcd8 31. Rc4 Ng6 32. b4 Ne5 33. Re4 Nf3+ 34. Kg2 Nd2 35. Rf4 Nb3 36. Rd1 cxb4 37. axb4 f5 38. gxf5 Bd6 39.
Rg4+ Kf8 40. f6 Rf5 41. Nc4 Rxf6 42. b5 Bc5 43. Ne3 Nd4 44. Rxh4 Ne6 45. Rh8+ Ke7 46. Rxd8 Kxd8 47. Ng4 Rg6 48. Kf3 Nd4+ 49. Kf4 f5 50. Ne5 Bd6 51. Ra1 Rh6 52. Rxa7 Re6 53. Ra8+ Kc7 54.
Ra7+ Kb8 55. Rd7 Bxe5+ 56. Kg5 Rd6 57. Rf7 f4 58. h4 Rd5 59. Kg4 Bd6 60. h5 Ne6 61. Rf6 Re5 62. h6 Be7 63. Rg6 Rg5+ 64. Rxg5 Nxg5 65. Kxf4 Nf7 66. h7 Nh8 67. Kf5 Kc7 68. Ke6 Bc5 69. f4 Kd8 70. f5 Ke8 71. Bg2 Bd4 72. f6 Kf8 73. Be4 Nf7 74. Bg6 Ng5+ 75. Kf5 Nxh7 76. Bxh7 Ke8 77. Ke6 Kf8 78. Bg6 Be3 79. Bh5 Bd4 80. Kf5 Bc3 81. Ke6 Bd4 82.
f7 Bc3 83. Kd5 Ba5 84. Kc6 Ke7 85. d4 Kf8 86. d5 Bb4 87. Kxb6 Bd6 88. Kc6 Be7 89.
b6 Bf6 90. b7 Kg7 91. b8=Q 1-0

[Event "*** Titled Tuesday Blitz"]
[Site "Chess.com"]
[Date "2020.10.27"]
[Round "4"]
[White "venus02"]
[Black "sjam6687"]
[Result "1/2-1/2"]
[WhiteElo "2512"]
[BlackElo "2691"]
[TimeControl "180+1"]
[EndTime "10:42:40 PDT"]
[Termination "Game drawn - insufficient material"]

1. d4 d5 2. c4 c6 3. Nf3 Nf6 4. Nc3 dxc4 5. a4 Bf5 6. e3 e6 7.
Bxc4 Bb4 8. O-O O-O 9. Qe2 Ne4 10.
Nxe4 Bxe4 11. Ne5 Nd7 12. Nxd7 Qxd7 13. Bd2 Bxd2 14. Qxd2 Rfd8 15. Qb4 a5 16. Qc3 Bd5 17. b3 Bxc4 18. bxc4 c5 19. dxc5 Qe7 20. Rfb1 Rdc8 21. Rb5 Rxc5 22. Qa3 Rac8 23. h3 Qc7 24. Rab1 Rxc4 25.
Rxb7 Qe5 26. R7b5 Qc7 27. Rb7 Qd8 28. Qe7 Qxe7 29. Rxe7 Rxa4 30. Rbb7 Rf8 31. g4 g6 32.
Ra7 Ra2 33. Reb7 a4 34. Kg2 g5 35. Rb4 Kg7 36. Rbxa4 Rxa4 37. Rxa4 Rb8 38. Ra5 Kg6 39.
Kg3 Rb2 40. Ra6 h5 41. Ra5 h4+ 42. Kf3 Rb4 43. Ra6 Rb5 44. Rc6 Kf6 45. Ra6 Ke5 46. Ra7 f5 47. Rg7 Kf6 48. Rg8 Ra5 49. Rf8+ Kg7 50.
Re8 Kf7 51. Rh8 Ra2 52. Rh6 Ra8 53. Kg2 Re8 54. f4 gxf4 55. exf4 Ra8 56. Rxh4 Ra2+ 57.
Kf3 Ra3+ 58. Kf2 Ra2+ 59. Ke3 Ra3+ 60. Ke2 Ra2+ 61. Kd3 Ra3+ 62. Kd4 Ra4+ 63. Ke3 Ra3+ 64. Ke2 Ra2+ 65. Kd3 Ra3+ 66. Kc2 fxg4 67. hxg4 Ra4 68. g5 e5 69. Rh7+ Kg8 70. Rh6 Rxf4 71. Kd3 Rg4 72. Ke3 Rxg5 73. Ke4 Kg7 74. Re6 Rg1 75. Rxe5 Kf6 76.
Rf5+ Ke6 77. Re5+ Kd6 78. Rd5+ Kc6 79. Rf5 Re1+ 80. Kf3 Kd6 81. Kf4 Rf1+ 82. Ke3 Re1+ 83. Kf4 Re8 84. Rf6+ Ke7 85. Ra6 Rf8+ 86. Ke5 Rf1 87.
Ra7+ Kd8 88. Kd6 Rd1+ 89. Kc6 Ke8 90. Ra8+ Ke7 91. Ra7+ Ke6 92. Kc5 Rc1+ 93. Kd4 Rd1+ 94. Ke3 Rb1 95. Kd2 Rb3 96. Kc2 Rh3 97. Ra5 Kd6 98. Rg5 Rh2+ 99. Kd3 Rh3+ 100. Ke2 Rh8 101. Kd2 Ke6 102. Rb5 Kf6 103. Ra5 Rd8+ 104. Kc3 Ke6 105. Kb3 Kd6 106. Kc3 Rb8 107. Ra4 Rb1 108. Rd4+ Ke5 109. Rc4 Rb8 110. Kd3 Rd8+ 111. Kc3 Rh8 112. Rb4 Kd5 113. Kb3 Kc6 114. Rc4+ Kd5 115. Rb4 Rh3+ 116. Kc2 Kc5 117. Rg4 Rh2+ 118. Kd3 Rh8 119. Ke3 Kd5 120. Kf3 Re8 121. Rf4 Kd6 122. Re4 Re5 123. Rxe5 Kxe5 1/2-1/2

[Event "*** Titled Tuesday Blitz"]
[Site "Chess.com"]
[Date "2020.10.27"]
[Round "5"]
[White "Manukyan_Artak"]
[Black "AIROPITO7"]
[Result "0-1"]
[WhiteElo "2417"]
[BlackElo "2602"]
[TimeControl "180+1"]
[EndTime "10:50:43 PDT"]
[Termination "AIROPITO7 won by resignation"]

1. e4 c6 2. d4 d6 3. c4 g6 4. Nc3 Bg7 5. Bg5 Nf6 6. f3 Qb6 7. Qd2 O-O 8. Bd3 Qxd4 9. Nge2 Qb6 10. Be3 Qc7 11. O-O Nbd7 12. Bh6 Bxh6 13. Qxh6 Qb6+ 14. Kh1 Qxb2 15. Rfb1 Qa3 16. Rb3 Qa5 17. Ng3 Nc5 0-1

[Event "*** Titled Tuesday Blitz"]
[Site "Chess.com"]
[Date "2020.10.27"]
[Round "5"]
[White "Semetey"]
[Black "Bodnar_Mykola"]
[Result "1-0"]
[WhiteElo "2560"]
[BlackElo "2373"]
[TimeControl "180+1"]
[EndTime "10:50:43 PDT"]
[Termination "Semetey won by resignation"]

1. e4 c5 2. Nc3 Nc6 3. Bb5 Nd4 4.
Nf3 Nxb5 5. Nxb5 d5 6. exd5 Qxd5 7. Nc7+ Kd8 8. Nxd5 e6 9. Nc3 Be7 10. d4 cxd4 11. Qxd4+ Ke8 12. Qxg7 Bf6 13. Qg3 Bd7 14. Ne4 1-0

[Event "*** Titled Tuesday Blitz"]
[Site "Chess.com"]
[Date "2020.10.27"]
[Round "5"]
[White "Volodar_Murzin"]
[Black "bsnsun"]
[Result "1/2-1/2"]
[WhiteElo "2612"]
[BlackElo "2456"]
[TimeControl "180+1"]
[EndTime "10:52:00 PDT"]
[Termination "Game drawn by repetition"]

1. e4 c5 2. Nf3 d6 3. Bb5+ Bd7 4. Bxd7+ Qxd7 5. O-O Nc6 6. Re1 Nf6 7. c3 e6 8. d4 cxd4 9. cxd4 d5 10. e5 Ne4 11. Nbd2 Nxd2 12. Bxd2 Bb4 13. Rc1 Bxd2 14. Qxd2 O-O 15. Rc3 h6 16. h4 Ne7 17. h5 Rac8 18.
Rec1 Rxc3 19. Rxc3 Rc8 20. g4 Rxc3 21. Qxc3 Qc6 22. Qxc6 Nxc6 23. a3 Na5 24. Nd2 Nc6 25.
Nf3 Na5 26. Nd2 Nc6 27. Nf3 1/2-1/2

[Event "*** Titled Tuesday Blitz"]
[Site "Chess.com"]
[Date "2020.10.27"]
[Round "5"]
[White "Gogolev_Artemy"]
[Black "Shivagami"]
[Result "0-1"]
[WhiteElo "2498"]
[BlackElo "2278"]
[TimeControl "180+1"]
[EndTime "10:52:07 PDT"]
[Termination "Shivagami won by resignation"]

1. Nf3 d5 2. c4 d4 3. e3 Nc6 4.
exd4 Nxd4 5. Nxd4 Qxd4 6. d3 Nh6 7. Nc3 Nf5 8. g4 Nd6 9. Be3 Qxg4 10. Be2 Qg2 11. Bf3 Qh3 12. Nd5 Qd7 13. c5 c6 14.
cxd6 cxd5 15. Bxd5 Qxd6 16. Qf3 e6 17. Bxb7 Qb4+ 0-1

[Event "*** Titled Tuesday Blitz"]
[Site "Chess.com"]
[Date "2020.10.27"]
[Round "5"]
[White "northridgehawk"]
[Black "niki_2003"]
[Result "1-0"]
[WhiteElo "2248"]
[BlackElo "1867"]
[TimeControl "180+1"]
[EndTime "10:52:12 PDT"]
[Termination "northridgehawk won by checkmate"]

1. e4 c5 2. Nf3 d6 3. d4 cxd4 4.
Nxd4 Nf6 5. Nc3 g6 6. Be3 Bg7 7.
f3 O-O 8. Qd2 Nc6 9. O-O-O Bd7 10. g4 Rc8 11. h4 h5 12. Be2 Ne5 13. Rdg1 Nc4 14. Bxc4 Rxc4 15. Nf5 Bxf5 16. gxf5 Nd7 17. fxg6 fxg6 18. Qd5+ Kh8 19. Qxc4 Rxf3 20. Bd4 Bxd4 21. Qxd4+ Ne5 22. Rxg6 Qe8 23. Rg5 Qf7 24. Rhg1 Qf4+ 25. Kb1 Rf1+ 26. Nd1 Rxg1 27. Qxg1 Kh7 28. Rxh5+ Qh6 29.
Rxh6+ Kxh6 30. Qg5+ Kh7 31. Ne3 Kh8 32. Nf5 Ng6 33.
Qxg6 e6 34. Qg7# 1-0

[Event "*** Titled Tuesday Blitz"]
[Site "Chess.com"]
[Date "2020.10.27"]
[Round "5"]
[White "Dr_crypt"]
[Black "AniJak"]
[Result "1-0"]
[WhiteElo "2452"]
[BlackElo "2287"]
[TimeControl "180+1"]
[EndTime "10:52:16 PDT"]
[Termination "Dr_crypt won by resignation"]

1. d4 d5 2. c4 c6 3. cxd5 cxd5 4. Bf4 Nc6 5. e3 a6 6. Nc3 Nf6 7. Be2 Bf5 8. Qb3 b5 9. Nf3 e6 10. Nxb5 axb5 11. Bxb5 Rc8 12. Rc1 Qa5+ 13. Ke2 Qb6 14. Rxc6 Rxc6 15. Rc1 Nd7 16. Rxc6 Qa5 17. Ne5 1-0

[Event "*** Titled Tuesday Blitz"]
[Site "Chess.com"]
[Date "2020.10.27"]
[Round "5"]
[White "nubair1198"]
[Black "MustafayevFarid2004"]
[Result "1-0"]
[WhiteElo "2827"]
[BlackElo "2469"]
[TimeControl "180+1"]
[EndTime "10:52:27 PDT"]
[Termination "nubair1198 won by resignation"]

1. d4 d5 2. c4 dxc4 3. Nf3 Nf6 4. e3 e6 5. Bxc4 c5 6. O-O Qc7 7. Qe2 Be7 8. Nc3 a6 9. a4 O-O 10. Rd1 Nc6 11. dxc5 Bxc5 12. b3 Bd7 13. Bb2 Rfd8 14.
Rac1 Qb6 15. Ng5 Be7 16. Nce4 Nxe4 17. Nxe4 f5 18. Nd6 Na5 19. Nxf5 Nxc4 20. Nxe7+ Kf7 21. Rxc4 Kxe7 22. Qh5 h6 23. Ba3+ 1-0

[Event "*** Titled Tuesday Blitz"]
[Site "Chess.com"]
[Date "2020.10.27"]
[Round "5"]
[White "levallem"]
[Black "djano"]
[Result "0-1"]
[WhiteElo "2298"]
[BlackElo "2460"]
[TimeControl "180+1"]
[EndTime "10:52:29 PDT"]
[Termination "djano won by resignation"]

1. d4 g6 2. c4 Bg7 3. Nc3 Nf6 4. e4 d6 5. Nf3 O-O 6. Be2 e5 7. dxe5 dxe5 8. Qxd8 Rxd8 9. Bg5 Re8 10. O-O-O c6 11. h3 Na6 12. Be3 Nh5 13. Rd2 Nf4 14. Rhd1 Nxg2 15.
Rd8 Bxh3 16. Rxa8 Rxa8 17. Ng5 Nxe3 18. fxe3 Bc8 19. Rd8+ Bf8 20. Nxh7 Kxh7 21. Rxf8 Kg7 22. Rd8 Nc7 23. Bg4 Bxg4 0-1

[Event "*** Titled Tuesday Blitz"]
[Site "Chess.com"]
[Date "2020.10.27"]
[Round "5"]
[White "Fighter008"]
[Black "GOGIEFF"]
[Result "0-1"]
[WhiteElo "2688"]
[BlackElo "2885"]
[TimeControl "180+1"]
[EndTime "10:52:37 PDT"]
[Termination "GOGIEFF won by resignation"]

1. e4 c5 2. Nf3 d6 3. d4 cxd4 4. Nxd4 Nf6 5. Nc3 a6 6. Be3 Nbd7 7. f3 h5 8. Qd2 e6 9. O-O-O b5 10. g3 Bb7 11.
Rg1 Rc8 12. Kb1 Ne5 13. f4 b4 14. Na4 Neg4 15. Bg2 Qa5 16. b3 Nxe4 17. Bxe4 Bxe4 18.
h3 Nxe3 19. Qxe3 d5 20. f5 e5 21. Nf3 Rxc2 22. Ka1 f6 23. Nd2 Bc5 24. Qe1 Bd4+ 0-1

[Event "*** Titled Tuesday Blitz"]
[Site "Chess.com"]
[Date "2020.10.27"]
[Round "5"]
[White "mishanick"]
[Black "lelya96"]
[Result "1-0"]
[WhiteElo "2984"]
[BlackElo "2208"]
[TimeControl "180+1"]
[EndTime "10:52:57 PDT"]
[Termination "mishanick won by resignation"]

1. d4 Nf6 2. c4 e6 3. g3 Bb4+ 4.
Bd2 Qe7 5. Bg2 Nc6 6. Nf3 Bxd2+ 7. Qxd2 Qb4 8. b3 Qxd2+ 9. Nbxd2 d6 10. e4 e5 11. d5 Nb8 12. Ke2 a5 13. Ne1 Bd7 14. Nd3 Na6 15. f4 Bg4+ 16. Kf2 Nd7 17. h3 Bh5 18. g4 Bxg4 19. hxg4 exf4 20. Nxf4 Ne5 21.
Kg3 Nc5 22. Nh5 g6 23. Nf6+ Ke7 24. Nxh7 f6 25. Raf1 Ned7 26. g5 1-0

[Event "*** Titled Tuesday Blitz"]
[Site "Chess.com"]
[Date "2020.10.27"]
[Round "5"]
[White "LogoCzar"]
[Black "LubovMarkelova"]
[Result "0-1"]
[WhiteElo "2368"]
[BlackElo "2227"]
[TimeControl "180+1"]
[EndTime "10:53:03 PDT"]
[Termination "LubovMarkelova won by checkmate"]

1. d4 Nf6 2. e3 c5 3. Nf3 g6 4. b3 cxd4 5. Nxd4 Bg7 6. Bb2 O-O 7.
Be2 Nc6 8. c4 Nxd4 9. Qxd4 Ne8 10. Qd2 Bxb2 11. Qxb2 Nf6 12. Nc3 b6 13. Bf3 Rb8 14. h4 h5 15. Nd5 Nxd5 16. cxd5 Ba6 17.
g4 hxg4 18. Bxg4 f5 19. Be2 Bb7 20. Rd1 e6 21. dxe6 Bxh1 22. Rxd7 Qf6 23. Qa3 Rbd8 24. Rxd8 Rxd8 25. Bc4 Qc3+ 26. Kf1 Rd1+ 27. Ke2 Qd2# 0-1

[Event "*** Titled Tuesday Blitz"]
[Site "Chess.com"]
[Date "2020.10.27"]
[Round "5"]
[White "Lagmantr"]
[Black "Lady_Nika"]
[Result "1-0"]
[WhiteElo "2748"]
[BlackElo "2448"]
[TimeControl "180+1"]
[EndTime "10:53:08 PDT"]
[Termination "Lagmantr won by resignation"]

1. e4 e6 2. d4 d5 3. Nc3 Nf6 4. e5 Nfd7 5. f4 c5 6. Nf3 Nc6 7. Be3 cxd4 8. Nxd4 Bc5 9. Qd2 O-O 10. O-O-O Nxd4 11. Bxd4 Bxd4 12. Qxd4 a6 13. Bd3 b5 14. Ne2 Qb6 15. Kb1 Qxd4 16. Nxd4 Bb7 17. g4 Rac8 18. Rhg1 Nc5 19. Rg3 Rfd8 20. c3 Nxd3 21. Rdxd3 Rc7 22. a3 Rdc8 23. Kc2 Rc4 24. Kd2 a5 25. b4 axb4 26.
cxb4 Rc1 27. Rc3 R8xc3 28. Rxc3 Rxc3 29. Kxc3 Ba6 30. Nb3 Kf8 31. Kd4 f6 32. Kc5 fxe5 33. fxe5 Kf7 34. Nd4 Bc8 35. Kxb5 Kg6 36. Nf3 h5 37. h3 Bd7+ 38. Kc5 Ba4 39. b5 Bd1 40. b6 Bxf3 41. b7 1-0

[Event "*** Titled Tuesday Blitz"]
[Site "Chess.com"]
[Date "2020.10.27"]
[Round "5"]
[White "korbul"]
[Black "Tenamu"]
[Result "1-0"]
[WhiteElo "2594"]
[BlackElo "2403"]
[TimeControl "180+1"]
[EndTime "10:53:10 PDT"]
[Termination "korbul won by resignation"]

1. e4 e6 2. d4 d5 3. Nc3 Nf6 4. Bg5 Bb4 5. Ne2 dxe4 6. a3 Bxc3+ 7. Nxc3 Nc6 8. Bb5 Bd7 9. Nxe4 Qe7 10. c3 O-O-O 11. O-O h6 12. Bxf6 gxf6 13. Nc5 Be8 14. Qf3 Kb8 15. Rfe1 Rg8 16. a4 Qd6 17. Qxf6 Qd5 18.
g3 Rg6 19. Qh4 Na5 20. Re5 Qd6 21. Ne4 1-0

[Event "*** Titled Tuesday Blitz"]
[Site "Chess.com"]
[Date "2020.10.27"]
[Round "5"]
[White "Skatchkov_V"]
[Black "RobertoJBM"]
[Result "0-1"]
[WhiteElo "2468"]
[BlackElo "2793"]
[TimeControl "180+1"]
[EndTime "10:53:15 PDT"]
[Termination "RobertoJBM won by resignation"]

1. d4 d5 2. c4 c6 3. Nc3 dxc4 4.
e3 e5 5. Bxc4 exd4 6. exd4 Nf6 7. Nf3 Bd6 8. O-O O-O 9. Bg5 Bf5 10. Qd2 Nbd7 11. Rad1 a6 12. Rfe1 Qc7 13. Bb3 Rae8 14.
Bxf6 Nxf6 15. Qg5 Bg4 16. h3 Bf4 17. Qh4 Bxf3 18. gxf3 Kh8 19. Rxe8 Rxe8 20. Bxf7 g5 21. Qh6 Qxf7 0-1

[Event "*** Titled Tuesday Blitz"]
[Site "Chess.com"]
[Date "2020.10.27"]
[Round "5"]
[White "DenisQ"]
[Black "renehp"]
[Result "1-0"]
[WhiteElo "2649"]
[BlackElo "2456"]
[TimeControl "180+1"]
[EndTime "10:53:18 PDT"]
[Termination "DenisQ won by resignation"]

1. Nf3 Nf6 2. c4 c6 3. Nc3 d5 4. cxd5 cxd5 5. d4 Nc6 6. Bf4 Bf5 7. e3 e6 8. Ne5 Nxe5 9. Bxe5 Be7 10. Bb5+ Nd7 11.
Bxg7 Rg8 12. Be5 a6 13. Bxd7+ Qxd7 14. O-O b5 15. Rc1 f6 16. Bg3 Kf7 17. Qd2 Rac8 18.
Ne2 Bd6 19. Rxc8 Rxc8 20. Rc1 Rxc1+ 21. Qxc1 Bd3 22. Qd2 Bg6 23. Bxd6 Qxd6 24. Nf4 Bf5 25. h3 Qc6 26. f3 Bb1 27. a3 Ba2 28. Kf2 Bc4 29.
Qc2 Kg7 30. b3 1-0

[Event "*** Titled Tuesday Blitz"]
[Site "Chess.com"]
[Date "2020.10.27"]
[Round "5"]
[White "Chessalary"]
[Black "Kavyev_Ruslan"]
[Result "0-1"]
[WhiteElo "2396"]
[BlackElo "2578"]
[TimeControl "180+1"]
[EndTime "10:53:18 PDT"]
[Termination "Kavyev_Ruslan won on time"]

1. e4 c5 2. Nf3 d6 3. d4 cxd4 4.
Nxd4 Nf6 5. Nc3 a6 6. Bc4 e6 7. Bb3 b5 8. O-O Be7 9. Qf3 Qc7 10. Qg3 O-O 11. Bh6 Ne8 12. Nce2 Bd7 13. Rad1 Nc6 14. Kh1 Kh8 15. Bg5 Nf6 16. Bxf6 Bxf6 17.
Nxc6 Bxc6 18. f3 Rfd8 19. c3 a5 20. Bc2 b4 21. Qh3 h6 22. Nf4 bxc3 23. Nh5 Qe7 24. Nxf6 Qxf6 0-1

[Event "*** Titled Tuesday Blitz"]
[Site "Chess.com"]
[Date "2020.10.27"]
[Round "5"]
[White "vladislavkovalev"]
[Black "esapunov"]
[Result "1-0"]
[WhiteElo "2855"]
[BlackElo "2669"]
[TimeControl "180+1"]
[EndTime "10:53:28 PDT"]
[Termination "vladislavkovalev won by resignation"]

1. e4 c5 2. Be2 Nc6 3. d3 g6 4. f4 Bg7 5. Nf3 d6 6. O-O Nf6 7. c3 O-O 8. Kh1 c4 9. Nbd2 cxd3 10. Bxd3 b6 11. Nb3 Bb7 12. Qe2 e6 13. Bd2 Qc7 14.
Rad1 a6 15. Be1 b5 16. Bh4 Rfe8 17. a3 Rac8 18. Bb1 Nh5 19. Ng5 h6 20. Nh3 Ne7 21. Nd4 e5 22. fxe5 dxe5 23. Ba2 Rf8 24. Nf5 Nxf5 25.
exf5 Kh7 26. Qg4 Nf6 27. Bxf6 Bxf6 28. fxg6+ fxg6 29. Rd7+ 1-0

[Event "*** Titled Tuesday Blitz"]
[Site "Chess.com"]
[Date "2020.10.27"]
[Round "5"]
[White "MarkEvgenievich"]
[Black "Lenyas66"]
[Result "0-1"]
[WhiteElo "2307"]
[BlackElo "2463"]
[TimeControl "180+1"]
[EndTime "10:53:32 PDT"]
[Termination "Lenyas66 won by resignation"]

1. c4 e5 2. Nc3 Bb4 3. Nd5 Ba5 4. b4 c6 5. bxa5 cxd5 6. cxd5 Qxa5 7. e4 Nf6 8. Qc2 Na6 9. Bb2 d6 10. a3 Bd7 11. Ne2 Ba4 12. Qb1 Nc5 13. Nc3 Nb3 14. Ra2 Rc8 15. Bd3 Nc5 16. O-O O-O 17. h3 Bb3 18. Ra1 Nxd3 19. Qxd3 Bc4 20. Qg3 Bxf1 21.
Rxf1 Rc4 22. f4 Qb6+ 23. Kh1 Qxb2 24. fxe5 Nxe4 25. Nxe4 Rxe4 26. e6 Qe5 27. Qh4 fxe6 28. Rxf8+ Kxf8 29. Qd8+ Kf7 30. Qd7+ Kg6 31. Qe8+ Kh6 0-1

[Event "*** Titled Tuesday Blitz"]
[Site "Chess.com"]
[Date "2020.10.27"]
[Round "5"]
[White "avantage_ru"]
[Black "Vanina1989"]
[Result "1-0"]
[WhiteElo "2833"]
[BlackElo "2634"]
[TimeControl "180+1"]
[EndTime "10:53:34 PDT"]
[Termination "avantage_ru won on time"]

1. b3 e5 2. Bb2 d6 3. d4 e4 4. d5 Qg5 5. e3 Bg4 6. h4 Qf5 7.
Be2 Nh6 8. Nc3 Qg6 9. h5 Qf5 10. Qd4 Be7 11. Qxg7 Rg8 12. Qxh6 Bxe2 13. Ngxe2 Bg5 14.
Ng3 1-0

[Event "*** Titled Tuesday Blitz"]
[Site "Chess.com"]
[Date "2020.10.27"]
[Round "5"]
[White "ENajer77"]
[Black "pastouche06"]
[Result "1-0"]
[WhiteElo "2688"]
[BlackElo "2492"]
[TimeControl "180+1"]
[EndTime "10:53:37 PDT"]
[Termination "ENajer77 won by resignation"]

1. d4 d5 2. Nf3 Nf6 3. c4 e6 4.
Nc3 c5 5. cxd5 Nxd5 6. e4 Nxc3 7. bxc3 cxd4 8. cxd4 Bb4+ 9. Bd2 Bxd2+ 10. Qxd2 O-O 11. Rc1 b6 12. Bd3 Bb7 13. O-O Nc6 14. Bb1 Qd7 15. Rfd1 Rfd8 16. h4 Rac8 17. h5 h6 18. d5 Ne7 19.
Rxc8 Nxc8 20. dxe6 Qxd2 21. exf7+ Kxf7 22. Rxd2 Rxd2 23. Nxd2 Kf6 24. f4 1-0

[Event "*** Titled Tuesday Blitz"]
[Site "Chess.com"]
[Date "2020.10.27"]
[Round "5"]
[White "Lion-Al-Messi"]
[Black "Colombiano07"]
[Result "1-0"]
[WhiteElo "2523"]
[BlackElo "2291"]
[TimeControl "180+1"]
[EndTime "10:53:45 PDT"]
[Termination "Lion-Al-Messi won by resignation"]

1. e4 e6 2. d4 d5 3. exd5 exd5 4.
Bd3 Nc6 5. c3 Bd6 6. Nf3 Bg4 7.
O-O Qd7 8. Nbd2 Nge7 9. Re1 O-O 10. Nf1 Rae8 11. Ne3 Bh5 12. h3 Bg6 13. Ng4 Bxd3 14.
Qxd3 Qf5 15. Qf1 Ng6 16. Be3 h5 17. Ngh2 Re7 18. Rad1 Rfe8 19. Qb5 Nd8 20. Nf1 c6 21. Qa4 b5 22. Qb3 Ne6 23. Rd2 Ngf4 24. Ng3 Qg6 25. Qd1 Nxh3+ 26. gxh3 Bxg3 27. fxg3 Qxg3+ 28. Rg2 Qxh3 29. Ne5 c5 30. dxc5 Nf4 31. Bxf4 Qf5 32. Bh2 f6 33. Qxd5+ Kh7 34. Rf1 1-0

[Event "*** Titled Tuesday Blitz"]
[Site "Chess.com"]
[Date "2020.10.27"]
[Round "5"]
[White "KarstenHansch"]
[Black "krasavetc"]
[Result "1-0"]
[WhiteElo "2473"]
[BlackElo "2290"]
[TimeControl "180+1"]
[EndTime "10:53:47 PDT"]
[Termination "KarstenHansch won by resignation"]

1. e4 e6 2. d4 d5 3. exd5 exd5 4. Nf3 Nf6 5. Bd3 Be7 6. O-O O-O 7. Bg5 Ne4 8. Bxe7 Qxe7 9. c3 Bg4 10. h3 Bh5 11. Be2 Nc6 12. Nbd2 Rfe8 13. Nxe4 dxe4 14. Nd2 Bg6 15. Nc4 Rad8 16. Qb3 b6 17. Rad1 Kh8 18. Qa4 Qf6 19. Ne3 Ne7 20. Qxa7 Nd5 21. Nxd5 Rxd5 22. Qxc7 Rg5 23. d5 h5 24. d6 Bf5 25.
d7 Rd8 26. Kh2 h4 27. Rd5 Rg6 28. Rfd1 Qg5 29. Bg4 1-0

[Event "*** Titled Tuesday Blitz"]
[Site "Chess.com"]
[Date "2020.10.27"]
[Round "5"]
[White "ajian"]
[Black "FMOlexandrProhorov"]
[Result "1-0"]
[WhiteElo "2348"]
[BlackElo "2113"]
[TimeControl "180+1"]
[EndTime "10:53:48 PDT"]
[Termination "ajian won by resignation"]

1. d4 g6 2. c4 Bg7 3. Nf3 c5 4. d5 d6 5. e4 Nf6 6. Nc3 O-O 7. h3 e6 8. Bd3 exd5 9. exd5 Re8+ 10. Kf1 Na6 11.
Bf4 Nb4 12. Bb1 Bf5 13. a3 Bxb1 14. Rxb1 Na6 15. Qd3 Nc7 16. g4 a6 17. b4 b5 18.
bxc5 dxc5 19. Rd1 Rb8 20. Kg2 Qd7 21. Ne5 Qc8 22. Bg3 bxc4 23. Nxc4 Nb5 24. Nxb5 axb5 25.
Nd6 Qb7 26. Nxb7 1-0

[Event "*** Titled Tuesday Blitz"]
[Site "Chess.com"]
[Date "2020.10.27"]
[Round "5"]
[White "davigator"]
[Black "Deepweb2020"]
[Result "0-1"]
[WhiteElo "2372"]
[BlackElo "2238"]
[TimeControl "180+1"]
[EndTime "10:53:52 PDT"]
[Termination "Deepweb2020 won by checkmate"]

1. e4 e5 2. Nf3 Nc6 3. Bb5 a6 4. Ba4 Nf6 5. O-O b5 6. Bb3 Bc5 7. c3 d6 8. d4 Bb6 9. a4 Rb8 10. Na3 O-O 11. h3 Ba7 12. Re1 Re8 13. Ng5 Re7 14.
dxe5 Nxe5 15. Be3 Bxe3 16. Rxe3 bxa4 17. Bxa4 Rxb2 18. f4 Ng6 19. g3 h6 20. Qc1 Rb8 21. e5 dxe5 22. fxe5 Nxe5 23. Nf3 Nxf3+ 24. Rxf3 Bxh3 25. Nc4 Qd5 26. Rf4 Qg2# 0-1